 Dungeon Crawl Stone Soup version 0.18-a0-1238-g8adb878 (webtiles) character file.

3820 Oddball22 the Covert (level 10, 0/66 HPs)
             Began as an Octopode Assassin on Feb 5, 2016.
             Was a Follower of Dithmenos.
             Slain by a hippogriff (3 damage)
             ... on level 8 of the Dungeon.
             The game lasted 00:21:35 (9789 turns).

Oddball22 the Covert (Octopode Assassin)            Turns: 9789, Time: 00:21:35

Health: 0/66       AC:  1    Str: 10    XL:     10   Next: 17%
Magic:  10/10      EV: 15    Int: 14    God:    Dithmenos [*.....]
Gold:   369        SH:  0    Dex: 17    Spells: 0 memorised, 9 levels left

rFire  . . .     SeeInvis .     r - +1 hand axe (elec)
rCold  + . .     Gourm    .     (no shield)
rNeg   . . .     Faith    .     (helmet restricted)
rPois  .         Spirit   .     (no amulet)
rElec  .         Dismiss  .     j - ring of protection from cold
rCorr  .         Reflect  .     G - ring of sustain attributes
SustAt +         Harm     .     (no ring)
MR     .....                    (no ring)
Stlth  +++++++++.               (no ring)
                                (no ring)
                                (no ring)
                                (no ring)

@: wreathed by umbra, not resistant to hostile enchantments, incredibly stealthy
A: almost no armour, amphibious, 8 rings, constrict 8, camouflage 1, gelatinous
body 1
a: Renounce Religion


You were on level 8 of the Dungeon.
You worshipped Dithmenos.
Dithmenos was aware of your devotion.
You were hungry.

You visited 2 branches of the dungeon, and saw 9 of its levels.

You collected 369 gold pieces.

Inventory:

Hand Weapons
 a - a +2 dagger
 b - a +0 blowgun
 q - a +1 dagger of distortion
 r - a +1 hand axe of electrocution (weapon)
Missiles
 c - 29 poisoned needles
 d - 2 curare-tipped needles
 w - 2 needles of sleeping
Jewellery
 j - a ring of protection from cold (left tentacle)
 z - an uncursed ring of teleportation
 G - a ring of sustain attributes (right tentacle)
Scrolls
 e - 5 scrolls of remove curse
 g - a scroll of recharging {unknown}
 h - a scroll of teleportation {unknown}
 m - 3 scrolls of enchant armour {unknown}
 n - 4 scrolls of identify
 p - a scroll of noise {unknown}
 t - 4 scrolls of amnesia {unknown}
 x - 3 scrolls of fear {unknown}
 D - a scroll of blinking {unknown}
 F - a scroll of enchant weapon {unknown}
 I - a scroll of random uselessness {unknown}
Potions
 k - a potion of cancellation {unknown}
 o - 3 potions of curing
 s - a potion of poison {unknown}
 v - a potion of magic {unknown}
 A - a potion of cure mutation {unknown}
 B - a potion of lignification {unknown}
 C - a potion of mutation {unknown}
Books
 y - a book of Beasts

   Spells                             Type                      Level
   a - Summon Butterflies             Summoning                    1
   b - Call Canine Familiar           Summoning                    3
   c - Summon Ice Beast               Ice/Summoning                4
   d - Summon Mana Viper              Hexes/Summoning              5
   e - Summon Hydra                   Summoning                    7
Comestibles
 f - 3 bread rations
 i - a beef jerky
 l - 3 meat rations
 u - a slice of pizza


   Skills:
 + Level 5.4 Fighting
 + Level 7.3 Short Blades
 - Level 2.0 Throwing
 + Level 5.0 Dodging
 * Level 14.6 Stealth


You had 9 spell levels left.
You didn't know any spells.

Dungeon Overview and Level Annotations

Branches:
Dungeon (8/15)             Temple (1/1) D:5
   Lair: D:8-11

Altars:
Cheibriados
Dithmenos
Elyvilon
Fedhas
Kikubaaqudgha
Makhleb
Okawaru
Pakellas
Qazlal
Ru
Sif Muna
Xom
Yredelemnul
Zin

Shops:
D:4 [   D:6 :

Annotations:
D:5 Pikel; twist's ghost, novice FoFi
D:7 Banto's ghost, novice HuSk


Innate Abilities, Weirdness & Mutations

You cannot wear most types of armour.
You are amphibious.
You can wear up to eight rings at the same time.
You can use your tentacles to constrict eight enemies at once.
Your skin changes colour to match your surroundings (Stealth).
Your rubbery body absorbs attacks (AC +1).


Message History

The hippogriff is lightly wounded.
The big kobold throws a stone.
The stone misses you. The hippogriff bites you. The hippogriff pecks you.
The hippogriff completely misses you.
You hit the hippogriff.
There is a sudden explosion of sparks!
The hippogriff is heavily wounded.
The big kobold throws a stone.
The stone hits you.
* * * LOW HITPOINT WARNING * * *
The hippogriff misses you. The hippogriff barely misses you.
The hippogriff completely misses you.
The big kobold throws a stone.
The stone hits you but does no damage. The hippogriff bites you.
* * * LOW HITPOINT WARNING * * *
The hippogriff pecks you.
* * * LOW HITPOINT WARNING * * *
The hippogriff claws you.
* * * LOW HITPOINT WARNING * * *
You hit the hippogriff.
The hippogriff is heavily wounded.
The big kobold throws a stone.
The stone hits you but does no damage. The hippogriff completely misses you.
The hippogriff pecks you.
You die...

## #.# .. #.## .#
########..##.#
...#H@(#.....#..# #.
#.............#.# #....
.................# ....
#.K#.............# ...
##.#.>.....†.....#
#.###..##............##
#.##...###.......###..###
######.......#####.#..#
#....#
.......#........##...##
#.#.##


You could see a hippogriff and a big kobold.

Vanquished Creatures
  The ghost of Oddball22 the Covert, a novice OpAr of Pakellas (D:6)
  Prince Ribbit (D:7)
  Eustachio (D:6)
  2 hungry ghosts (D:7)
  A hippogriff (D:8)
  Edmund (D:5)
  2 water moccasins
  Duvessa (D:5)
  4 slaves (D:5)
  An orc warrior (D:7)
  A sky beast (D:7)
  A black bear (D:6)
  An ice beast (D:8)
  2 phantoms
  2 ogres
  A centaur (D:7)
  3 giant frogs
  2 scorpions
  Dowan (D:5)
  3 killer bees (D:7)
  A giant frog zombie (D:6)
  A crimson imp (D:5)
  A giant frog skeleton (D:5)
  3 orc priests
  6 orc wizards
  3 jellies
  2 hounds
  5 iguanas
  2 centaur skeletons
  5 worker ants
  A killer bee zombie (D:5)
  A hound zombie (D:6)
  A hound skeleton (D:8)
  3 gnolls (D:3)
  4 adders
  2 shadow imps (D:5)
  An adder skeleton (D:7)
  An adder zombie (D:7)
  3 worms
  11 giant geckos
  25 orcs
  4 ball pythons
  8 giant cockroaches
  2 gnoll zombies (D:2)
  11 goblins
  4 hobgoblins
  7 jackals
  8 kobolds
  5 quokkas
  6 bats
  6 giant newts
  A quokka zombie (D:6)
  13 rats
189 creatures vanquished.

Notes
Turn   | Place    | Note
--------------------------------------------------------------
     0 | D:1      | Oddball22 the Octopode Assassin began the quest for the Orb.
     0 | D:1      | Reached XP level 1. HP: 14/14 MP: 1/1
   381 | D:1      | Reached XP level 2. HP: 16/19 MP: 2/2
   869 | D:1      | Reached skill level 6 in Stealth
  1028 | D:1      | Reached XP level 3. HP: 5/24 MP: 3/3
  1652 | D:2      | Found an oddly glowing altar of Pakellas.
  1889 | D:2      | Found a basalt altar of Yredelemnul.
  2403 | D:3      | Reached skill level 7 in Stealth
  2403 | D:3      | Reached XP level 4. HP: 29/29 MP: 4/4
  2826 | D:3      | Found a sacrificial altar of Ru.
  2836 | D:3      | Reached XP level 5. HP: 34/34 MP: 5/5
  3171 | D:4      | Reached skill level 8 in Stealth
  3197 | D:4      | Reached XP level 6. HP: 3/39 MP: 6/6
  3556 | D:4      | Found a snail-covered altar of Cheibriados.
  3761 | D:4      | Found Atusecum's Armour Boutique.
  3826 | D:4      | Found a blossoming altar of Fedhas.
  3860 | D:4      | Reached skill level 9 in Stealth
  3886 | D:4      | Noticed a water moccasin
  3893 | D:4      | Killed a water moccasin
  4095 | D:4      | Reached XP level 7. HP: 43/45 MP: 7/7
  4221 | D:4      | Reached skill level 10 in Stealth
  4326 | D:4      | Found a deep blue altar of Sif Muna.
  4586 | D:5      | Entered Level 5 of the Dungeon
  4586 | D:5      | Noticed Dowan
  4596 | D:5      | Killed Dowan
  4600 | D:5      | Noticed Duvessa
  4604 | D:5      | Killed Duvessa
  4604 | D:5      | Reached skill level 5 in Short Blades
  4604 | D:5      | Reached skill level 11 in Stealth
  4827 | D:5      | Found a deep blue altar of Sif Muna.
  4841 | D:5      | Found a staircase to the Ecumenical Temple.
  4850 | Temple   | Entered the Ecumenical Temple
  4858 | Temple   | Became a worshipper of Dithmenos the Shadowed
  5136 | D:5      | Noticed Pikel
  5201 | D:5      | Found an iron altar of Okawaru.
  5281 | D:5      | Reached XP level 8. HP: 46/50 MP: 8/8
  5375 | D:5      | Noticed twist's ghost (novice FoFi)
  5913 | D:5      | Noticed Edmund
  5919 | D:5      | Killed Edmund
  6518 | D:6      | Found Tasiuc's Book Shoppe.
  6531 | D:6      | Noticed Oddball22's ghost (novice OpAr)
  6646 | D:6      | Killed Oddball22's ghost
  6646 | D:6      | Reached skill level 12 in Stealth
  6662 | D:6      | Got a steaming morningstar
  6663 | D:6      | Identified the cursed +1 morningstar of the Hall of Blades {drain, Int+3} (You found it on level 6 of the Dungeon)
  6876 | D:6      | Reached XP level 9. HP: 17/57 MP: 9/9
  7403 | D:6      | Noticed Eustachio
  7423 | D:6      | Killed Eustachio
  7423 | D:6      | Reached skill level 13 in Stealth
  7510 | D:6      | Reached * piety under Dithmenos
  7765 | D:7      | Noticed Prince Ribbit
  7778 | D:7      | Killed Prince Ribbit
  8079 | D:7      | Found a deep blue altar of Sif Muna.
  8163 | D:7      | Found a white marble altar of Elyvilon.
  8556 | D:7      | Reached skill level 14 in Stealth
  8732 | D:7      | Reached skill level 5 in Fighting
  8970 | D:7      | Reached XP level 10. HP: 62/66 MP: 10/10
  9205 | D:7      | Noticed Banto's ghost (novice HuSk)
  9252 | D:8      | Reached skill level 5 in Dodging
  9491 | D:8      | Noticed a white ugly thing
  9788 | D:8      | HP: 3/66 [hippogriff (6)]
  9789 | D:8      | Slain by a hippogriff

Vault maps used:
D:1:      lightli_arrival_farm, bh_walls_and_bars
D:2:      lemuel_zombie_altar_yredelemnul, lemuel_round_altar,
          minmay_statues_item, minivault_25
D:3:      nicolae_ru_great_annihilating_truth
D:4:      cheibriados_altar_1, grunt_temple_overflow_open, serial_shops,
          kennysheep_mini_moat, gup_sewer_entry_pipe, kennysheep_generic_room_9
D:5:      minmay_temple_entry_statues_pillars, basic_altar, first_bread,
          hangedman_decor_clover_reticule, hangedman_abyss_or_decor_passed,
          okawaru_metal_pillars_3, uniq_duvessa, uniq_pikel, uniq_edmund
D:6:      serial_shops, shop, uniq_eustachio
D:7:      nicolae_overflow_crystal_walls, led_sif_pool, uniq_prince_ribbit1
D:8:      grunt_pizzeria
Temple:   circular_temple_12

Action                   |  1- 3 |  4- 6 |  7- 9 | 10-12 || total
-------------------------+-------+-------+-------+-------++-------
Melee: Dagger            |    81 |    75 |       |       ||   156
       Hand axe          |       |    25 |   254 |    35 ||   314
 Fire: Blowgun           |     1 |       |     1 |       ||     2
  Use: Scroll            |       |       |     2 |       ||     2
       Potion            |       |       |     4 |       ||     4
 Stab: Sleeping          |    14 |    21 |    26 |     6 ||    67
       Paralysed         |       |     1 |       |       ||     1
       Distracted        |       |       |     3 |     1 ||     4
  Eat: Chunk             |     5 |     5 |    18 |     2 ||    30
       Pizza             |       |       |     2 |       ||     2
